AoeStats
← 殺手小賴

Black Forest

504264566Analyzed
4v4 RM · 28d ago on Sep 4, 2026· 32m 56s· 8 players
Game mode
Random Map
Map size
Large (8 player)
Population
200
Speed
Normal
Resources
Standard
Victory
Conquest
Starting age
Dark Age
Ending age
Imperial Age
RankedLock teamsTeams togetherTeam positionsShared explorationLock speedFull tech treeHidden civsTurbo modeCheats
Victory
Defeat
🇪🇸 Aztecs · Spain
1052
+15
🇺🇸 Turks · United States
1052
+16
🇷🇺 Mongols · Russia
1051
+16
🇫🇷 Georgians · France
1038
+16
🇹🇼 Ethiopians · Taiwan
1168
-22
🇹🇼 Burgundians · Taiwan
1007
-14
🇹🇼 Turks · Taiwan
1006
-14
🇦🇷 Cumans · Argentina
991
-13
jlovert75
12:55 Feudal Age
14:17 Gold Mining
14:14 Double-Bit Axe
19:00 Castle Age
23:24 Imperial Age
21:46 Gold Shaft Mining
22:23 Bow Saw
alabataille
0:30 Loom
16:49 Feudal Age
17:32 Double-Bit Axe
23:10 Castle Age
22:38 Scale Barding Armor
22:44 Forging
24:14 Husbandry
24:33 Bow Saw
24:09 Horse Collar
25:13 Bloodlines
25:24 Light Cavalry
28:47 Heavy Plow
30:49 Wheelbarrow
31:44 Fishing Lines
32:38 Hand Cart
GIJONUDO
0:35 Loom
15:27 Feudal Age
20:39 Castle Age
18:28 Horse Collar
18:38 Double-Bit Axe
29:07 Heavy Plow
34:06 Imperial Age
33:39 Forging
33:29 Scale Mail Armor
六六六
0:38 Loom
13:02 Feudal Age
17:32 Castle Age
15:19 Double-Bit Axe
15:14 Horse Collar
26:08 Heavy Plow
26:32 Bow Saw
27:50 Gold Mining
27:50 Stone Mining
32:08 Gold Shaft Mining
32:08 Stone Shaft Mining
32:48 Wheelbarrow
31:58 Town Watch
34:46 Imperial Age
32:51 Wheelbarrow
32:05 Town Watch
32:35 Fletching
32:45 Padded Archer Armor
32:50 Scale Barding Armor
33:38 Fervor
TURTLE KING
0:30 Loom
16:36 Feudal Age
20:57 Castle Age
19:55 Fletching
20:05 Padded Archer Armor
25:10 Imperial Age
22:59 Double-Bit Axe
24:10 Bodkin Arrow
殺手小賴
0:56 Loom
13:23 Feudal Age
16:16 Double-Bit Axe
19:45 Fletching
23:22 Castle Age
22:02 Horse Collar
22:26 Gold Mining
23:08 Padded Archer Armor
25:02 Bow Saw
28:39 Wheelbarrow
28:10 Stone Mining
28:14 Crossbowman
28:59 Thumb Ring
28:53 Bodkin Arrow
30:33 Heavy Plow
31:20 Stone Shaft Mining
31:21 Gold Shaft Mining
xnbhdx
9:04 Double-Bit Axe
9:48 Horse Collar
13:21 Feudal Age
15:00 Bow Saw
17:00 Wheelbarrow
16:40 Heavy Plow
23:04 Castle Age
22:41 Gold Mining
24:51 Scale Barding Armor
24:56 Forging
24:27 Cavalier
25:07 Husbandry
26:10 Crop Rotation
Mikazuki Augus
0:41 Loom
15:31 Feudal Age
18:54 Horse Collar
22:23 Castle Age
20:41 Gold Mining
21:28 Double-Bit Axe
27:17 Bow Saw
27:30 Fletching
27:41 Padded Archer Armor
28:41 Bodkin Arrow
29:37 Ballistics
30:44 Leather Archer Armor
30:42 Bloodlines
30:34 Stone Mining
31:22 Gold Shaft Mining
31:33 Wheelbarrow
Connection lost

Rejoining the realm…

Still unreachable

The connection could not be restored.

Session expired

The server has moved on; the page needs a fresh start.